 Dungeon Crawl Stone Soup version 0.29-a0-304-gb34f9e133a (webtiles) character file.

Game seed: 17316566765208088718

5720 Ajdolov the Shield-Bearer (level 8, -2/64 HPs)
             Began as a Gnoll Wanderer on Mar 26, 2022.
             Was a Priest of Ru.
             Slain by a troll (4 damage)
             ... on level 8 of the Dungeon.
             The game lasted 00:13:22 (8438 turns).

Ajdolov the Shield-Bearer (Gnoll Wanderer)          Turns: 8438, Time: 00:13:22

Health: -2/64      AC: 14    Str: 10    XL:     8   Next: 76%
Magic:  17/17      EV: 15    Int: 11    God:    Ru [***...]
Gold:   295        SH:  6    Dex: 16    Spells: 18/19 levels left

rFire   . . .      SeeInvis .   b - +1 dagger (venom)
rCold   . . .      Faith    .   q - +0 buckler
rNeg    . . .      Spirit   .   F - +0 steam dragon scales
rPois   .          Reflect  .   r - +0 helmet
rElec   .          Harm     .   E - +0 cloak
rCorr   .          Rampage  .   (no gloves)
Will    .....                   L - +0 pair of boots
Stlth   +++.......              (no amulet)
HPRegen 0.20/turn               h - +4 ring of slaying
MPRegen 0.15/turn               m - +4 ring of protection

@: no status effects
A: fangs 1, hated by all, inexperienced 1, strong nose, distributed training
a: Renounce Religion, Draw Out Power


You were on level 8 of the Dungeon.
You worshipped Ru.
Ru was most pleased with you.
You visited 2 branches of the dungeon, and saw 10 of its levels.

You collected 517 gold pieces.
You spent 222 gold pieces at shops.

Inventory:

Hand Weapons
 a - a +0 vorpal hand crossbow
 b - a +1 dagger of venom (weapon)
Missiles
 d - 377 stones
Armour
 q - a +0 buckler (worn)
 r - a +0 helmet (worn)
 E - a +0 cloak (worn)
 F - +0 steam dragon scales (worn)
 L - a +0 pair of boots (worn)
Jewellery
 h - a +4 ring of slaying (left hand)
 m - a +4 ring of protection (right hand)
 x - a +4 ring of protection
 C - a +6 ring of dexterity
 D - a ring of magical power
Wands
 l - a wand of polymorph (8)
 u - a wand of iceblast (19)
 v - a wand of paralysis (11)
Scrolls
 f - a scroll of summoning
 n - a scroll of amnesia
 p - 2 scrolls of noise
 w - 3 scrolls of blinking
 y - 2 scrolls of enchant weapon
 z - 3 scrolls of teleportation
 A - a scroll of torment
 G - a scroll of silence {unknown}
 H - a scroll of identify
 I - 2 scrolls of fear {unknown}
 M - a scroll of immolation {unknown}
 N - a scroll of magic mapping {unknown}
Potions
 c - 4 potions of attraction
 e - a potion of lignification {unknown}
 g - a potion of might
 i - 2 potions of resistance
 j - a potion of berserk rage {unknown}
 k - a potion of ambrosia {unknown}
 o - 2 potions of mutation
 s - 3 potions of heal wounds
 t - a potion of brilliance {unknown}
 B - 2 potions of cancellation {unknown}
 J - 3 potions of curing
 K - a potion of magic {unknown}


   Skills:
 + Level 6.2 Fighting
 + Level 5.6 Short Blades
 + Level 5.6 Long Blades
 + Level 5.6 Axes
 + Level 5.6 Maces & Flails
 + Level 5.6 Polearms
 + Level 5.6 Staves
 + Level 5.6 Slings
 + Level 5.6 Bows
 + Level 7.3 Crossbows
 + Level 5.6 Throwing
 + Level 5.6 Armour
 + Level 7.3 Dodging
 + Level 5.6 Stealth
 + Level 7.3 Shields
 + Level 5.6 Unarmed Combat
 + Level 6.3 Spellcasting
 + Level 4.6 Conjurations
 + Level 4.6 Hexes
   Level 0.0 Summonings
 + Level 4.6 Necromancy
 + Level 4.6 Translocations
 + Level 4.6 Transmutations
 + Level 4.6 Fire Magic
 + Level 4.6 Ice Magic
 + Level 4.6 Air Magic
 + Level 5.1 Earth Magic
 + Level 4.6 Poison Magic
 + Level 6.1 Invocations
 + Level 6.2 Evocations


You had 18 spell levels left.
You knew the following spells:

 Your Spells              Type           Power      Damage    Failure   Level
a - Sandblast             Erth           28%        2d8       2%          1

Your spell library contained the following spells:

 Spells                   Type           Power      Damage    Failure   Level
 Pain                     Necr           52%        1d6       3%          1
 Stone Arrow              Conj/Erth      28%        3d8       10%         3
 Vampiric Draining        Necr           13%        2d6       11%         3
 Animate Skeleton         Necr           Unusable   N/A       N/A         1

Dungeon Overview and Level Annotations

Branches:
Dungeon (9/15)             Temple (1/1) D:4
   Lair: D:8-11         Orc: D:9-12

Altars:
Ashenzari
Cheibriados
Dithmenos
Elyvilon
Fedhas
Gozag
Hepliaklqana
Kikubaaqudgha
Makhleb
Nemelex Xobeh
Okawaru
Qazlal
Ru
Sif Muna
Trog
Uskayaw
Vehumet
Wu Jian
Yredelemnul
Zin
The Shining One

Shops:
D:2 *   D:4 *   D:5 *   D:6 :

Annotations:
D:6 1 runed translucent door, Crazy Yiuf


Innate Abilities, Weirdness & Mutations

You have very sharp teeth.
You are hated by all.
You are somewhat inexperienced. (-2 XL)
Your uncanny sense of smell can sniff out nearby items.
Your experience applies equally to all skills.


Message History

You closely miss the troll.
The troll is lightly wounded.
You block the troll's attack. The troll claws you but does no damage.
The troll barely misses you.
You hit the troll but do no damage.
The troll is lightly wounded.
You block the troll's attack. The troll misses you.
You block the troll's attack.
You hit the troll.
The troll is poisoned.
The troll is lightly wounded.
You puncture the troll!
The troll looks as sick as possible!
The troll is moderately wounded.
The troll bites you. The troll barely misses you. The troll closely misses you.
You puncture the troll!
The troll is severely wounded.
The troll is stunned by your conviction and fails to attack.
You hit the troll. You bite the troll, but do no damage.
The troll is severely wounded.
The troll misses you. The troll barely misses you.
The troll claws you but does no damage.
You hit the troll.
The troll looks as sick as possible!
The troll is severely wounded.
You block the troll's attack. The troll claws you but does no damage.
The troll claws you!
You hit the troll.
The troll looks as sick as possible!
The troll is almost dead.
You barely miss the troll.
The troll is almost dead.
The troll bites you! The troll barely misses you. The troll claws you.
You barely miss the troll.
The troll is almost dead.
The troll bites you.
* * * LOW HITPOINT WARNING * * *
The troll misses you. The troll closely misses you.
You hit the troll.
The troll is almost dead.
The troll bites you!
* * * LOW HITPOINT WARNING * * *
The troll claws you.
You die...

.....###.# #######
.#.#####.#
.........#
##.#####.# .).#
#.# #### #.# #.#
##.###########
#####........)@To#
#.........######{#
#.#.......# #.#
#.#.......# #.#
###.#.....(.#
#.########
............#
#........#
###.###...#.#
#..#####.# # #.#
##.##.# #..### #.#
# #.####+##.#
#....# #.#


You could see a troll (extremely poisoned) and an orc.

Vanquished Creatures
  2 two-headed ogres (D:8)
  Joseph (D:8)
  Maggie (D:6)
  Grinder (D:6)
  4 slime creatures (D:7)
  A yak (D:8)
  Edmund (D:6)
  4 black bears
  2 ogres
  2 centaurs
  4 phantoms
  4 bullfrogs
  4 scorpions
  8 wights
  A hound (D:5)
  3 jellies
  5 orc priests
  Terence (D:3)
  4 iguanas
  6 orc wizards
  Ijyb (D:3)
  Robin (D:3)
  11 adders
  A shadow imp (D:8)
  A white imp (D:7)
  3 worms
  3 dart slugs
  24 orcs
  11 ball pythons
  4 bats
  9 endoplasms
  3 giant cockroaches
  11 goblins
  9 hobgoblins
  6 jackals
  11 quokkas
  A frilled lizard (D:1)
  11 kobolds
  8 rats
188 creatures vanquished.

Vanquished Creatures (others)
  A bullfrog (D:6)
  2 orc wizards (D:8)
3 creatures vanquished.

Grand Total: 191 creatures vanquished

Notes
Turn   | Place    | Note
-------+----------+-------------------------------------------
     0 | D:1      | Ajdolov the Gnoll Wanderer began the quest for the Orb.
     0 | D:1      | Ajdolov set off with the following items: a +0 vorpal hand
                  | crossbow, a +0 buckler, a potion of attraction, 38 stones,
                  | a +0 robe; and the following spell memorised: Sandblast;
                  | and the following spells available to memorise: Stone Arrow
     0 | D:1      | Reached XP level 1. HP: 17/17 MP: 4/4
   185 | D:1      | Reached XP level 2. HP: 23/23 MP: 5/5
   435 | D:1      | Reached XP level 3. HP: 28/28 MP: 7/7
   521 | D:1      | Reached skill level 1 in Invocations
   778 | D:2      | Found Qoloenub's Assorted Antiques.
   823 | D:2      | Reached skill level 1 in Short Blades
   823 | D:2      | Reached skill level 1 in Long Blades
   823 | D:2      | Reached skill level 1 in Axes
   823 | D:2      | Reached skill level 1 in Maces & Flails
   823 | D:2      | Reached skill level 1 in Polearms
   823 | D:2      | Reached skill level 1 in Staves
   823 | D:2      | Reached skill level 1 in Slings
   823 | D:2      | Reached skill level 1 in Bows
   823 | D:2      | Reached skill level 1 in Throwing
   823 | D:2      | Reached skill level 1 in Armour
   823 | D:2      | Reached skill level 1 in Stealth
   823 | D:2      | Reached skill level 1 in Unarmed Combat
   894 | D:2      | Found a faded altar of an unknown god.
   912 | D:2      | Reached XP level 4. HP: 32/34 MP: 8/8
  1054 | D:2      | Found a shadowy altar of Dithmenos.
  1184 | D:2      | Reached skill level 1 in Conjurations
  1184 | D:2      | Reached skill level 1 in Hexes
  1184 | D:2      | Reached skill level 1 in Summonings
  1184 | D:2      | Reached skill level 1 in Necromancy
  1184 | D:2      | Reached skill level 1 in Translocations
  1184 | D:2      | Reached skill level 1 in Transmutations
  1184 | D:2      | Reached skill level 1 in Fire Magic
  1184 | D:2      | Reached skill level 1 in Ice Magic
  1184 | D:2      | Reached skill level 1 in Air Magic
  1184 | D:2      | Reached skill level 1 in Poison Magic
  1455 | D:3      | Noticed a bullfrog
  1459 | D:3      | Killed a bullfrog
  1460 | D:3      | Reached XP level 5. HP: 32/41 MP: 9/9
  1688 | D:3      | Reached XP level 6. HP: 44/47 MP: 10/10
  1773 | D:3      | Noticed Robin
  1781 | D:3      | Killed Robin
  1983 | D:3      | Noticed a black bear
  1992 | D:3      | Killed a black bear
  1993 | D:3      | Reached skill level 5 in Crossbows
  1993 | D:3      | Reached skill level 5 in Dodging
  1993 | D:3      | Reached skill level 5 in Shields
  2115 | D:3      | Noticed Ijyb
  2119 | D:3      | Killed Ijyb
  2211 | D:3      | Noticed Terence
  2219 | D:3      | Killed Terence
  2720 | D:4      | Found a staircase to the Ecumenical Temple.
  2722 | D:4      | Reached XP level 7. HP: 52/52 MP: 12/12
  2727 | Temple   | Entered the Ecumenical Temple
  2733 | Temple   | Became a worshipper of Ru the Awakened
  3314 | D:4      | Found Zahin's General Store.
  3324 | D:4      | Bought a potion of heal wounds for 65 gold pieces
  3324 | D:4      | Bought a scroll of identify for 26 gold pieces
  3324 | D:4      | Bought a scroll of identify for 26 gold pieces
  3560 | D:5      | Entered Level 5 of the Dungeon
  3613 | D:5      | Found Gal Wium's General Store.
  3652 | D:5      | Reached XP level 8. HP: 60/60 MP: 14/14
  3653 | D:5      | Bought a scroll of enchant weapon for 105 gold pieces
  3664 | D:5      | Found an opulent altar of Gozag.
  3726 | D:5      | Found a burning altar of Makhleb.
  3729 | D:5      | Found an iron altar of Okawaru.
  3734 | D:5      | Found an ancient bone altar of Kikubaaqudgha.
  4079 | D:5      | Found a broken altar of Ashenzari.
  4079 | D:5      | Found a hide-covered altar of Uskayaw.
  4091 | D:5      | Found a bloodstained altar of Trog.
  4203 | D:6      | Gained mutation: You are somewhat inexperienced. (-2 XL)
                  | [Ru sacrifice]
  4203 | D:6      | Reached XP level 7. HP: 54/54 MP: 13/13
  4203 | D:6      | Reached XP level 6. HP: 48/48 MP: 12/12
  4203 | D:6      | Reached * piety under Ru
  4203 | D:6      | Reached ** piety under Ru
  4326 | D:6      | Noticed Grinder
  4341 | D:6      | Paralysed by Grinder for 2 turns
  4350 | D:6      | Killed Grinder
  4697 | D:6      | Noticed Maggie
  4710 | D:6      | Killed Maggie
  4711 | D:6      | Reached XP level 7. HP: 23/55 MP: 14/14
  4926 | D:6      | Found a blossoming altar of Fedhas.
  4927 | D:6      | Noticed Edmund
  4940 | D:6      | Killed Edmund
  4941 | D:6      | Reached skill level 5 in Spellcasting
  5042 | D:6      | Found Jeapatru's Self-Improvement Boutique.
  5133 | D:6      | Found a runed translucent door.
  5134 | D:6      | Noticed Crazy Yiuf
  5224 | D:6      | Found a snail-covered altar of Cheibriados.
  5296 | D:6      | Reached skill level 5 in Fighting
  5296 | D:6      | Reached skill level 5 in Evocations
  5967 | D:7      | Reached skill level 5 in Invocations
  6211 | D:7      | Reached XP level 8. HP: 25/63 MP: 0/16
  7116 | D:8      | Noticed a two-headed ogre
  7121 | D:8      | Killed a two-headed ogre
  7122 | D:8      | Reached skill level 5 in Short Blades
  7122 | D:8      | Reached skill level 5 in Long Blades
  7122 | D:8      | Reached skill level 5 in Axes
  7122 | D:8      | Reached skill level 5 in Maces & Flails
  7122 | D:8      | Reached skill level 5 in Polearms
  7122 | D:8      | Reached skill level 5 in Staves
  7122 | D:8      | Reached skill level 5 in Slings
  7122 | D:8      | Reached skill level 5 in Bows
  7122 | D:8      | Reached skill level 5 in Throwing
  7122 | D:8      | Reached skill level 5 in Armour
  7122 | D:8      | Reached skill level 5 in Stealth
  7122 | D:8      | Reached skill level 5 in Unarmed Combat
  7464 | D:8      | Found a white marble altar of Elyvilon.
  7538 | D:8      | Noticed a two-headed ogre
  7554 | D:8      | Killed a two-headed ogre
  7555 | D:8      | Reached skill level 5 in Earth Magic
  7555 | D:8      | Noticed Joseph
  7781 | D:8      | Killed Joseph
  8242 | D:8      | Gained mutation: You are hated by all. [Ru sacrifice]
  8242 | D:8      | Reached *** piety under Ru
  8438 | D:8      | HP: 2/64 [troll (12)]
  8438 | D:8      | Slain by a troll

Illustrated notes

Levels and vault maps discovered:
D:1:      scummos_arrival_simple_crosswalls, layout_loops_ring
D:2:      layout_loops_cross, serial_shops, nicolae_diamond_shop, basic_altar,
          shapermc_ecumenical_altar_notcrosses
D:3:      layout_basic, minmay_between, uniq_ijyb, uniq_robin, uniq_terence
D:4:      layout_gridville, minmay_temple_entry_hall, serial_shops,
          nicolae_diamond_shop
D:5:      layout_rooms, mainiacjoe_overflow_catwalk,
          gammafunk_temple_overflow_forgotten, grunt_temple_overflow_diamond,
          serial_shops, nicolae_shop_advertising_works
          [nicolae_subvault_shop_adworks]
D:6:      layout_cave_pools, cheibriados_altar_1,
          nicolae_overflow_crystal_walls, nicolae_shop_self_help,
          uniq_crazy_yiuf_cottage, uniq_edmund, uniq_maggie, uniq_grinder
D:7:      layout_basic
D:8:      layout_loops_corners, kennysheep_mini, kennysheep_generic_room_8,
          uniq_joseph
D:9:      minmay_opposing_rooms, layout_gridville, orc_0_dummy,
          grunt_decor_clamped
Temple:   minmay_freezing_vapour_temple

Skill      XL: |  1  2  3  4  5  6  7  8 |
---------------+-------------------------+-----
Earth Magic    | 2 4 5 |  5.1
Invocations    | 1 2 4 5 6 |  6.1
Short Blades   | 1 2 4 5 |  5.6
Long Blades    | 1 2 4 5 |  5.6
Axes           | 1 2 4 5 |  5.6
Maces & Flails | 1 2 4 5 |  5.6
Polearms       | 1 2 4 5 |  5.6
Staves         | 1 2 4 5 |  5.6
Slings         | 1 2 4 5 |  5.6
Bows           | 1 2 4 5 |  5.6
Throwing       | 1 2 4 5 |  5.6
Armour         | 1 2 4 5 |  5.6
Stealth        | 1 2 4 5 |  5.6
Unarmed Combat | 1 2 4 5 |  5.6
Spellcasting   | 3 5 6 |  6.3
Conjurations   | 1 3 4 |  4.6
Hexes          | 1 3 4 |  4.6
Summonings     | 1 3 4 0 |  0.0
Necromancy     | 1 3 4 |  4.6
Translocations | 1 3 4 |  4.6
Transmutations | 1 3 4 |  4.6
Fire Magic     | 1 3 4 |  4.6
Ice Magic      | 1 3 4 |  4.6
Air Magic      | 1 3 4 |  4.6
Poison Magic   | 1 3 4 |  4.6
Fighting       | 3 5 6 |  6.2
Evocations     | 3 5 6 |  6.2
Crossbows      | 6 7 |  7.3
Dodging        | 6 7 |  7.3
Shields        | 6 7 |  7.3

Action                   |  1- 3 |  4- 6 |  7- 9 || total
-------------------------+-------+-------+-------++-------
Melee: Dagger            |       |    29 |   214 ||   243
       Bite              |       |     4 |    34 ||    38
 Fire: Hand crossbow     |    86 |   111 |   186 ||   383
 Cast: Sandblast         |     3 |       |    21 ||    24
Invok: Sacrifice Experie |       |     1 |       ||     1
       Sacrifice Love    |       |       |     1 ||     1
Evoke: Wand              |       |     1 |     3 ||     4
  Use: Scroll            |       |       |     9 ||     9
       Potion            |       |       |     1 ||     1
 Stab: Paralysed         |       |     1 |     3 ||     4
       Invisible         |       |       |     1 ||     1
       Sleeping          |       |       |     1 ||     1
Armor: Robe              |     9 |    18 |     6 ||    33
       Steam dragon scal |       |       |    68 ||    68
Dodge: Dodged            |    15 |    36 |   155 ||   206
Block: Buckler           |     9 |    13 |    59 ||    81

Table legend: (Time is in decaauts)
 A = Elapsed time spent in this place.
 B = Non-inter-level travel time spent in this place.
 C = Inter-level travel time spent in this place.
 D = Time resting spent in this place.
 E = Time spent auto-exploring this place.
 F = Levels seen in this place.
 G = Mean time per level.
                   A        B        C        D        E       F      G
               +--------+--------+--------+--------+--------+-----+--------+
         Total |   8465 |   8164 |    301 |   1329 |   5505 |  10 |  846.5 |
       Dungeon |   8336 |   8039 |    297 |   1214 |   5505 |   9 |  926.2 |
        Temple |    129 |    125 |      4 |    115 |      0 |   1 |  129.0 |
               +--------+--------+--------+--------+--------+-----+--------+

Top non-repeatable levels by time:
     D:8: 1425 daAuts
     D:6: 1403 daAuts
     D:7: 1386 daAuts
     D:3: 1296 daAuts
     D:2: 793 daAuts
     D:4: 732 daAuts
     D:1: 663 daAuts
     D:5: 630 daAuts
  Temple: 129 daAuts
     D:9: 4 daAuts
